 Dungeon Crawl Stone Soup version 0.21.0-3-g78d12a8bdd (webtiles) character file.

13570 Principatus the Blocker (level 12, 0/76 HPs)
             Began as a Gargoyle Earth Elementalist on Jan 14, 2018.
             Was a Believer of Ru.
             Slain by a spiny frog (17 damage)
             ... on level 7 of the Dungeon.
             The game lasted 01:21:55 (15459 turns).

Principatus the Blocker (GrEE)                     Turns: 15459, Time: 01:21:56

Health: 0/76       AC: 17    Str: 14    XL:     12   Next: 7%
Magic:  25/25      EV: 10    Int: 22    God:    Ru [**....]
Gold:   591        SH: 12    Dex: 10    Spells: 2/17 levels left

rFire    + + .     SeeInvis .   U - +1 whip (elec)
rCold    . . .     Gourm    +   i - +0 shield
rNeg     + . .     Faith    .   J - +0 ring mail of Forking Paths {Regen+ Int+3}
rPois    ∞         Spirit   .   (helmet restricted)
rElec    +         Reflect  .   l - +0 cloak
rCorr    .         Harm     .   (no gloves)
MR       +....                  D - +0 pair of boots
Stlth    ..........             z - amulet of the gourmand
HPRegen  0.62/turn              q - ring of protection from magic
MPRegen  0.19/turn              P - ring of magical power

@: no status effects
A: horns 1, icy blue scales 1, fire resistance 2, negative energy resistance 1,
electricity resistance, unbreathing, petrification resistance, rot immunity, no
stealth, no charms magic, no ice magic, no necromancy magic, AC +8
a: Sacrifice Essence, Sacrifice Courage, Sacrifice an Eye, Reject Sacrifices,
Renounce Religion


You were on level 7 of the Dungeon.
You worshipped Ru.
Ru was pleased with you.
You were full.

You visited 3 branches of the dungeon, and saw 15 of its levels.
You also visited: Sewer and Volcano.

You collected 952 gold pieces.
You spent 361 gold pieces at shops.

Inventory:

Hand Weapons
 p - a +2 halberd of flaming
 u - a +2 great sword of flaming
 N - a +2 rapier of flaming
 R - a +3 morningstar of freezing
 U - a +1 whip of electrocution (weapon)
Missiles
 b - 66 stones (quivered)
 n - a throwing net
 I - 8 tomahawks of dispersal
Armour
 i - a +0 shield (worn)
 l - a +0 cloak (worn)
 D - a +0 pair of boots (worn)
 J - the +0 ring mail of Forking Paths (worn) {Regen+ Int+3}
   (You bought it in a shop on level 5 of the Dungeon)

   It affects your intelligence (+3).
   It increases your rate of regeneration.
Jewellery
 q - a ring of protection from magic (left hand)
 z - an amulet of the gourmand (around neck)
 P - a ring of magical power (right hand)
 Z - an uncursed ring of flight
Wands
 f - a wand of disintegration (10)
 x - a wand of iceblast (23)
 E - a wand of acid (8)
 K - a wand of paralysis (21)
 V - a wand of polymorph (11)
Scrolls
 c - a scroll of blinking
 g - a scroll of enchant armour {unknown}
 h - 3 scrolls of amnesia {unknown}
 j - 9 scrolls of teleportation
 k - 4 scrolls of remove curse
 r - a scroll of magic mapping
 t - 3 scrolls of immolation
 y - 3 scrolls of random uselessness {unknown}
 B - a scroll of fog {unknown}
 L - 2 scrolls of noise {unknown}
 S - 5 scrolls of identify
 X - a scroll of vulnerability {unknown}
Potions
 a - 3 potions of brilliance
 m - 2 potions of lignification
 o - a potion of curing
 s - 9 potions of flight
 v - a potion of resistance {unknown}
 w - a potion of haste {unknown}
 A - a potion of cancellation {unknown}
 C - a potion of ambrosia {unknown}
 F - 2 potions of mutation
 G - a potion of agility
 H - 2 potions of invisibility {unknown}
 M - a potion of berserk rage
Books
 e - a book of Geomancy

   Spells                             Type                      Level
   a - Sandblast                      Earth                        1
   b - Passwall                       Transmutation/Earth          2
   c - Stone Arrow                    Conjuration/Earth            3
   d - Petrify                        Transmutation/Earth          4
   e - Lee's Rapid Deconstruction     Earth                        5
 O - a book of Necromancy

   Spells                             Type                      Level
   a - Pain                           Necromancy                   1
   b - Animate Skeleton               Necromancy                   1
   c - Vampiric Draining              Necromancy                   3
   d - Regeneration                   Charms/Necromancy            3
   e - Animate Dead                   Necromancy                   4
   f - Borgnjor's Vile Clutch         Necromancy/Earth             5
Comestibles
 d - 20 rations


   Skills:
 + Level 9.0 Fighting
 + Level 3.8 Short Blades
 - Level 2.0 Dodging
 * Level 12.9 Shields
 - Level 3.0 Spellcasting
 - Level 2.3 Transmutations
 + Level 12.8 Earth Magic


You had 2 spell levels left.
You knew the following spells:

 Your Spells              Type           Power        Failure   Level  Hunger
a - Sandblast             Erth           ######       1%          1    None
b - Passwall              Tmut/Erth      #####.....   2%          2    ##.....
c - Stone Arrow           Conj/Erth      ####..       7%          3    ###....
d - Petrify               Tmut/Erth      #####...     14%         4    ####...
e - Lee's Rapid Deconstr  Erth           ######....   4%          5    ######.


Dungeon Overview and Level Annotations

Branches:
Dungeon (12/15)            Temple (1/1) D:5            Lair (2/6) D:8
    Orc (0/2) D:12
  Swamp: Lair:2-4    Shoals: Lair:2-4     Snake: Lair:2-4    Spider: Lair:2-4

Altars:
Ashenzari
Cheibriados
Dithmenos
Elyvilon
Fedhas
Gozag
Hepliaklqana
Kikubaaqudgha
Makhleb
Nemelex Xobeh
Okawaru
Qazlal
Ru
Sif Muna
Trog
Uskayaw
Vehumet
Wu Jian
Xom
Yredelemnul
Zin
The Shining One

Shops:
D:5 ([*}   D:10 !?[!(

Annotations:
D:9 dengdeng's ghost, novice MiBe


Innate Abilities, Weirdness & Mutations

You are resistant to torment.
Your stone body is resilient. (AC +8)
You are immune to poison.
You resist negative energy. (rN+)
You are resistant to electric shocks. (rElec)
You can survive without breathing.
You are immune to petrification.
You are immune to rotting.
You cannot be stealthy.
You cannot study or cast Charms magic.
You cannot study or cast Ice magic.
You cannot study or cast Necromancy magic.
You have a pair of small horns on your head.
You are partially covered in icy blue scales. (AC +2)
Your flesh is very heat resistant. (rF++)


Message History

The wolf bites you but does no damage.
The spiny frog stings you but does no damage.
You miss the wolf.
The wolf is heavily wounded.
The wolf bites you.
* * * LOW HITPOINT WARNING * * *
The spiny frog stings you but does no damage.
The wolf barely misses you. The wolf bites you.
* * * LOW HITPOINT WARNING * * *
The wolf bites you but does no damage.
The spiny frog stings you but does no damage.
The spiny frog stings you!
* * * LOW HITPOINT WARNING * * *
There is an escape hatch in the ceiling here.
You block the spiny frog's attack. The wolf closely misses you.
A mysterious force pulls you upwards. The hatch slams shut behind you.
You closely miss the spiny frog. The spiny frog barely misses you.
The spiny frog stings you!
You die...

............## #...#
##.....####..###...#####
.##...##..#..#.#._.#...#
..##.##...#....#...#...#
...#.#...##....#####...#
#.[#.#'.##..##.........#
###...###...##.........#
....8........#.........##
###...###......F@.......##
#.[#.#'.##[.#####.#####..######
...#.#...##[.## #....###......#
..##.##...#...###.##...######.#
.##...##..#.#...#.######...##.#
##.....####...#)...## #...##.#
..............###...####...##.##
...........................##..#
..###.(.(.(...........##...###.##


You could see a spiny frog.

Vanquished Creatures
  2 skeletal warriors (Volcano)
  Pikel (D:8)
  2 anaconda skeletons (Volcano)
  A toenail golem (Volcano)
  2 gargoyles (Volcano)
  A spiny frog (Lair:1)
  2 centaur skeletons
  2 komodo dragons (Lair:1)
  2 hornets (D:8)
  4 hippogriffs
  3 flying skulls (Volcano)
  A wraith (D:10)
  4 yaks (D:10)
  A steam dragon (D:10)
  Duvessa (D:5)
  3 water moccasins
  A porcupine (Lair:1)
  A black bear (D:9)
  2 orc warriors
  3 sky beasts
  4 ice beasts
  4 phantoms
  6 wolves
  5 ogres
  6 crocodiles
  4 centaurs
  6 bullfrogs
  4 scorpions
  Dowan (D:5)
  4 killer bees
  9 wights
  3 quasits
  2 centaur zombies
  6 crimson imps
  3 hounds
  2 jellies
  Crazy Yiuf (D:4)
  3 orc priests
  5 bullfrog skeletons
  2 iguanas
  4 orc wizards
  9 worker ants
  2 naga skeletons (Volcano)
  2 hound skeletons (D:8)
  A worker ant zombie (D:7)
  A howler monkey skeleton (D:6)
  11 gnolls
  12 adders
  4 shadow imps
  12 white imps (Lair:1)
  5 oozes
  An adder skeleton (D:5)
  7 worms
  3 dart slugs
  15 leopard geckos
  30 orcs
  4 ball pythons
  6 giant cockroaches
  13 hobgoblins
  24 jackals
  3 quokkas
  7 bats
  4 frilled lizards
  5 goblins
  A jackal zombie (D:7)
  13 kobolds
  A quokka skeleton (D:7)
  8 rats
327 creatures vanquished.

Vanquished Creatures (others)
  An alligator skeleton (Volcano)
  A slave (D:8)
  A hound (D:8)
  An adder (D:8)
  2 fungi
6 creatures vanquished.

Grand Total: 333 creatures vanquished

Notes
Turn   | Place    | Note
-------+----------+-------------------------------------------
     0 | D:1      | Principatus the Gargoyle Earth Elementalist began the quest for the Orb.
     0 | D:1      | Reached XP level 1. HP: 10/10 MP: 3/3
   407 | D:1      | Reached XP level 2. HP: 15/15 MP: 1/5
   885 | D:1      | Reached XP level 3. HP: 19/19 MP: 3/6
  1509 | D:2      | Noticed a sky beast
  1604 | D:2      | Reached XP level 4. HP: 23/24 MP: 6/8
  1606 | D:2      | Found a stormy altar of Qazlal.
  1722 | D:2      | Learned a level 2 spell: Passwall
  1726 | D:2      | Learned a level 3 spell: Stone Arrow
  1827 | D:2      | Killed a sky beast
  1827 | D:2      | Reached XP level 5. HP: 20/28 MP: 2/9
  1964 | D:3      | Found a hide-covered altar of Uskayaw.
  2296 | D:3      | Learned a level 4 spell: Petrify
  2561 | D:4      | Reached skill level 1 in Transmutations
  2561 | D:4      | Reached XP level 6. HP: 15/32 MP: 5/10
  3415 | D:4      | Found a shattered altar of Ashenzari.
  3835 | D:4      | Noticed a phantom
  3847 | D:4      | Killed a phantom
  3975 | D:4      | Reached XP level 7. HP: 36/36 MP: 5/11
  4262 | D:4      | Found a runed door.
  4266 | D:4      | Noticed Crazy Yiuf
  4268 | D:4      | Killed Crazy Yiuf
  4348 | D:5      | Entered Level 5 of the Dungeon
  4428 | D:5      | Found Qual's Assorted Antiques.
  4547 | D:5      | Found a glowing drain.
  4551 | Sewer    | Entered a sewer
  4556 | Sewer    | Reached skill level 1 in Shields
  5258 | D:5      | Found Wocuwosu's Weapon Shoppe.
  5263 | D:5      | Noticed Duvessa
  5263 | D:5      | Noticed Dowan
  5308 | D:5      | Killed Dowan
  5631 | D:5      | Killed Duvessa
  5631 | D:5      | Reached XP level 8. HP: 32/41 MP: 4/12
  5758 | D:5      | Found Poemnam's Gadget Shoppe.
  5798 | D:5      | Reached skill level 1 in Fighting
  5878 | D:5      | Found Vuile's Antique Armour Boutique.
  5893 | D:5      | Found a staircase to the Ecumenical Temple.
  5902 | Temple   | Entered the Ecumenical Temple
  5940 | Temple   | Became a worshipper of Ru the Awakened
  6166 | D:5      | Bought a crude ring mail for 225 gold pieces
  6176 | D:5      | Identified the +0 ring mail of Forking Paths {Regen+ Int+3} (You bought it in a shop on level 5 of the Dungeon)
  6267 | D:6      | Reached skill level 5 in Shields
  6737 | D:6      | Reached XP level 9. HP: 51/51 MP: 9/13
  6806 | D:6      | Found an opulent altar of Gozag.
  7588 | D:7      | Found a bloodstained altar of Trog.
  7606 | D:7      | Found a shadowy altar of Dithmenos.
  7859 | D:7      | Reached skill level 10 in Earth Magic
  7964 | D:7      | Found a bloodstained altar of Trog.
  8175 | D:7      | Gained mutation: You cannot be stealthy. [Ru sacrifice]
  8473 | D:8      | Found a staircase to the Lair.
  8670 | D:8      | Found a glowing golden altar of the Shining One.
  9014 | D:8      | Reached skill level 5 in Fighting
  9222 | D:8      | Noticed Pikel
  9223 | D:8      | Found a burning altar of Makhleb.
  9233 | D:8      | Killed Pikel
  9233 | D:8      | Reached XP level 10. HP: 59/59 MP: 12/14
  9320 | D:8      | Learned a level 5 spell: Lee's Rapid Deconstruction
  9503 | D:8      | Reached skill level 1 in Short Blades
  9891 | D:9      | Noticed dengdeng's ghost (novice MiBe)
 10671 | D:10     | Entered Level 10 of the Dungeon
 10680 | D:10     | Reached skill level 10 in Shields
 10691 | D:10     | Found Karch's Magic Scroll Shoppe.
 10804 | D:10     | Found Ginn's Distillery.
 10807 | D:10     | Bought a potion of curing for 48 gold pieces
 11216 | D:10     | Found Xorasass's Armour Boutique.
 11281 | D:10     | Gained mutation: You cannot study or cast Ice magic. [Ru sacrifice]
 11281 | D:10     | Gained mutation: You cannot study or cast Necromancy magic. [Ru sacrifice]
 11281 | D:10     | Gained mutation: You cannot study or cast Charms magic. [Ru sacrifice]
 11281 | D:10     | Reached * piety under Ru
 11281 | D:10     | Reached ** piety under Ru
 11349 | D:10     | Found Buptogosk's Antique Weapon Boutique.
 11508 | D:10     | Reached XP level 11. HP: 67/67 MP: 15/15
 11591 | D:10     | Gained mutation: You are partially covered in icy blue scales. (AC +2) [potion of mutation]
 11591 | D:10     | Gained mutation: Your flesh is heat resistant. (rF+) [potion of mutation]
 11591 | D:10     | Gained mutation: You have a pair of small horns on your head. [potion of mutation]
 11591 | D:10     | Gained mutation: Your flesh is very heat resistant. (rF++) [potion of mutation]
 11672 | D:10     | Found Ytonoici's Distillery.
 11679 | D:10     | Bought 2 potions of agility for 88 gold pieces
 12889 | D:12     | Found a staircase to the Orcish Mines.
 13017 | D:12     | Noticed a cyclops
 13239 | D:12     | Noticed a six-headed hydra
 13403 | Lair:1   | Entered Level 1 of the Lair of Beasts
 13486 | Lair:1   | Found a dark tunnel.
 13503 | Volcano  | Entered a volcano
 13930 | Volcano  | Noticed a skeletal warrior
 13966 | Volcano  | Killed a skeletal warrior
 14251 | Volcano  | Noticed a skeletal warrior
 14255 | Volcano  | Killed a skeletal warrior
 14528 | Lair:1   | Found a hide-covered altar of Uskayaw.
 14604 | Lair:1   | Reached XP level 12. HP: 70/75 MP: 16/16
 14618 | Lair:1   | Noticed an eight-headed hydra
 15153 | Lair:1   | You fall through a shaft!
 15459 | D:7      | Slain by a spiny frog

Skill      XL: |  1  2  3  4  5  6  7  8  9 10 11 12 |
---------------+-------------------------------------+-----
Earth Magic    | 4 6 7 8 9 10 11 12 | 12.8
Dodging        | 2 |  2.0
Spellcasting   | 3 |  3.0
Transmutations | 1 2 |  2.3
Shields        | 3 6 9 10 12 | 12.9
Fighting       | 3 5 7 8 9 |  9.0
Stealth        | 0 |  0.0
Short Blades   | 3 |  3.8

Action                   |  1- 3 |  4- 6 |  7- 9 | 10-12 || total
-------------------------+-------+-------+-------+-------++-------
Melee: Unarmed           |     4 |       |       |       ||     4
       Short sword       |    30 |    10 |       |       ||    40
       Dagger            |     2 |    62 |  1120 |       ||  1184
       Mace              |       |    31 |       |       ||    31
       Morningstar       |       |       |    58 |       ||    58
       Whip              |       |       |       |   856 ||   856
       Headbutt          |       |       |       |    74 ||    74
       Rapier            |       |       |       |    35 ||    35
Throw: Stone             |       |       |     1 |       ||     1
 Cast: Sandblast         |    60 |    68 |    72 |    28 ||   228
       Stone Arrow       |       |     2 |     1 |    13 ||    16
       Lee's Rapid Decon |       |       |       |    12 ||    12
       Petrify           |       |       |       |     1 ||     1
Invok: Sacrifice Stealth |       |       |     1 |       ||     1
       Sacrifice Arcana  |       |       |       |     1 ||     1
  Use: Scroll            |       |    10 |     1 |     6 ||    17
       Potion            |       |       |     1 |    11 ||    12
 Stab: Sleeping          |     1 |     1 |       |       ||     2
       Invisible         |       |       |       |     5 ||     5
  Eat: Chunk             |     3 |     6 |    34 |    26 ||    69
Armor: Robe              |     2 |       |       |       ||     2
       Leather armour    |    22 |    10 |       |       ||    32
       Ring mail         |       |    57 |   626 |   427 ||  1110
       Skin              |       |       |       |     7 ||     7
Dodge: Dodged            |    43 |    80 |   428 |   340 ||   891
Block: Shield            |       |       |   519 |   525 ||  1044
